 Dungeon Crawl Stone Soup version 0.17-a0-1850-g688e747 (webtiles) character file.

100294 Ijustatesigmund the Tortoise (level 15, 0/138 HPs)
             Began as a Minotaur Berserker on Sept 18, 2015.
             Was a High Priest of Trog.
             Killed by divine providence
             ... invoked by a smoke demon
              (14 damage)
             ... on level 1 of the Abyss.
             The game lasted 01:25:58 (21932 turns).

Ijustatesigmund the Tortoise (Minotaur Berserker)  Turns: 21932, Time: 01:25:58

Health: 0/138      AC: 29    Str: 23      XL:     15   Next: 80%
Magic:  19/19      EV: 15    Int:  4 (9)  God:    Trog [*****.]
Gold:   1049       SH:  2    Dex: 15      Spells: 0 memorised, 14 levels left

rFire  + . .     SeeInvis .     o - +6 dire flail "Etiy" {venom, rN+}
rCold  . . .     Clarity  .     I - +2 chain mail {rF+}
rNeg   + + .     SustAt   .     (no shield)
rPois  .         Gourm    .     m - +1 hat
rElec  .         Spirit   .     S - +1 cloak
rCorr  .         Warding  .     k - +1 pair of gloves
rMut   +         Stasis   .     v - +1 pair of boots
MR     +....                    b - amulet of resist mutation
Stlth  ..........               C - ring of positive energy
                                (no ring)

@: brilliant, about to teleport, very slightly contaminated, hasted and slowed,
lost intelligence, studying 3 skills, somewhat resistant to hostile
enchantments, extremely unstealthy
A: retaliatory headbutt, hooves 1, horns 2, large bone plates 1
a: Burn Spellbooks, Berserk, Trog's Hand, Brothers in Arms, Renounce Religion


You were on level 1 of the Abyss.
You worshipped Trog.
Trog was extremely pleased with you.
You were hungry.

You visited 2 branches of the dungeon, and saw 20 of its levels.
You visited the Abyss 1 time.
You also visited: Trove and Ossuary.

You collected 1505 gold pieces.
You spent 456 gold pieces at shops.

Inventory:

Hand weapons
 o - the +6 dire flail "Etiy" (weapon) {venom, rN+}
   (Trog gifted it to you on level 11 of the Dungeon)

   It poisons the flesh of those it strikes.
   It protects you from negative energy.
Missiles
 j - 4 javelins (quivered)
Armour
 k - a +1 pair of gloves (worn)
 m - a +1 hat (worn)
 v - a +1 pair of boots (worn)
 I - a +2 chain mail of fire resistance (worn)
 S - a +1 cloak (worn)
Jewellery
 b - an amulet of resist mutation (around neck)
 q - an uncursed ring of teleportation
 B - an uncursed ring of flight
 C - a ring of positive energy (right hand)
 T - an uncursed ring of ice
 V - an uncursed amulet of warding
 X - an uncursed amulet of rage {unknown}
Magical devices
 d - a wand of heal wounds (0)
 l - a wand of disintegration (9)
 A - a wand of paralysis (11)
 Q - a wand of polymorph (12)
 U - a wand of heal wounds (1)
 W - a wand of lightning (5)
Scrolls
 f - 3 scrolls of fear
 g - a scroll of magic mapping
 t - 2 scrolls of recharging
 u - 3 scrolls of fog
 y - 2 scrolls of identify
 F - 2 scrolls of remove curse
 H - 4 scrolls of teleportation
 L - a scroll of enchant weapon
 N - 9 scrolls of vulnerability
Potions
 a - 4 potions of might
 e - 8 potions of flight
 h - 7 potions of heal wounds
 i - 5 potions of brilliance
 n - 6 potions of curing
 p - 2 potions of lignification
 r - 3 potions of invisibility
 x - 3 potions of agility
 z - 2 potions of haste
 D - 3 potions of magic
 J - 2 potions of mutation
Books
 K - a manual of Axes
 M - a manual of
Armour
 O - a manual of
Armour
 P - a manual of Slings
Comestibles
 c - 15 bread rations
 s - 9 meat rations
 E - 8 royal jellies
 G - 10 slices of pizza
 R - 24 fruits


   Skills:
 + Level 14.0 Fighting
 + Level 19.0 Maces & Flails
 + Level 20.1 Armour
 + Level 10.7 Dodging
   Level 1.2 Shields
 - Level 7.0 Evocations


You had 14 spell levels left.
You didn't know any spells.

Dungeon Overview and Level Annotations

Branches:
Dungeon (12/15)            Temple (0/1) D:7            Lair (8/8) D:9
 Shoals (0/4) Lair:4        Snake (0/4) Lair:4        Slime (0/6) Lair:7
    Orc (0/4) D:10

Altars:
Cheibriados
Dithmenos
Elyvilon
Fedhas
Nemelex Xobeh
Sif Muna
Trog
The Shining One
Jiyva

Shops:
D:6 *   D:8 **


Innate Abilities, Weirdness & Mutations

You reflexively headbutt those who attack you in melee.
You have a pair of horns on your head.
You have large cloven feet.
You are partially covered in large bone plates (AC +2, SH +2).


Message History

The small abomination hits you but does no damage.
Found an arbalest.
The thrashing horror roars!
The thrashing horror closely misses you.
You furiously retaliate!
You headbutt the thrashing horror!
The thrashing horror tramples you but does no damage.
The thrashing horror roars!
The thrashing horror tramples you but does no damage. x2
The smoke demon gestures at you. Something smites you!
* * * LOW HITPOINT WARNING * * *
A hell hog comes into view.
The orc sorcerer misses you. You furiously retaliate!
You headbutt the orc sorcerer!
The small abomination hits you but does no damage.
There is an open door here.
You are feeling hungry.
The smoke demon gestures at you. Something smites you!
You die...

#....### #....#.#
.... ######....#4##
. #........##.
#........#h.# .
#........#.h# #
#...h..3.#.##..##
###'#o....h.......
#..@Xx.Dh......##.#
#...#........#.#
#####.X......# #
...#'###+##
'...h... #...##'##
#...# )# '...# ..


You could see a bone dragon, a thrashing horror, a large abomination, a smoke
demon, 3 raiju, an orc sorcerer and a small abomination.

Vanquished Creatures
  A tentacled monstrosity (Abyss:1)
  3 tentacled starspawn (Abyss:1)
  An Executioner (Abyss:1)
  3 very ugly things (Abyss:1)
  An eidolon (Abyss:1)
  Fannar (Lair:1)
  A catoblepas (Lair:5)
  9 hydras
  A hell beast (Lair:8)
  Erolcha (D:8)
  A death yak (D:10)
  A queen ant (Lair:6)
  A spriggan (Lair:7)
  4 hill giants
  An unseen horror (D:10)
  A sixfirhy (Abyss:1)
  2 griffons
  3 ugly things
  3 worldbinders (Abyss:1)
  3 large abominations (Abyss:1)
  A cyclops (D:11)
  7 elephants
  An apocalypse crab (Abyss:1)
  2 gargoyles
  A molten gargoyle (Lair:2)
  An orange demon (Lair:8)
  3 black mambas
  18 spiny frogs
  A smoke demon (Abyss:1)
  6 starcursed masses (Abyss:1)
  5 fire drakes
  2 blue devils (Lair:8)
  2 polar bears (D:10)
  A queen bee (D:12)
  18 blink frogs
  10 komodo dragons
  Grinder (D:6)
  2 two-headed ogres
  A boulder beetle (Lair:6)
  4 slime creatures (D:12)
  A trapdoor spider zombie (D:8)
  4 trolls
  A raiju (Abyss:1)
  A centaur simulacrum (D:10)
  2 ynoxinuls (Abyss:1)
  4 deep elf magi
  A human (D:11)
  A wyvern (D:10)
  44 yaks
  9 hippogriffs
  3 wolves
  A basilisk (Lair:8)
  3 hungry ghosts
  5 nagas (Lair:4)
  Edmund (D:4)
  3 neqoxecs (Abyss:1)
  A sky beast (D:10)
  18 water moccasins
  10 soldier ants (Lair:6)
  6 orc warriors
  2 black bears
  3 necrophages (D:8)
  A hell hound (Lair:8)
  6 porcupines
  A swamp drake (D:10)
  3 phantoms
  A wasp (Lair:7)
  7 ice beasts
  5 centaurs
  A big kobold (D:11)
  6 ogres
  11 crocodiles
  Blork the orc (D:5)
  A brain worm (D:11)
  A wyvern zombie (D:8)
  25 giant frogs
  2 gnoll sergeants (D:5)
  5 scorpions
  2 small abominations (Abyss:1)
  22 killer bees
  5 quasits
  2 wights (D:5)
  7 electric eels
  A giant frog zombie (D:7)
  4 crimson imps
  4 hounds
  3 centaur zombies
  2 jellies
  10 orc priests
  A gnoll shaman (D:6)
  2 centaur skeletons
  2 giant frog skeletons
  7 iguanas
  19 orc wizards
  39 worker ants
  7 big kobold zombies (Ossuary)
  A killer bee zombie (D:9)
  5 sheep (Lair:8)
  2 hound zombies
  A mummy (Ossuary)
  A worker ant zombie (D:6)
  2 hound skeletons
  9 gnolls
  15 adders
  49 river rats
  5 shadow imps
  4 white imps
  4 ufetubi
  A worker ant simulacrum (D:10)
  5 oozes
  4 adder skeletons
  2 adder zombies
  4 worms
  6 giant geckos
  61 orcs
  A spectral bat (Ossuary)
  2 ball pythons
  7 giant cockroaches
  5 gnoll zombies (Ossuary)
  6 goblins
  10 hobgoblins
  9 quokkas
  8 bats
  A giant gecko skeleton (D:4)
  6 giant newts
  3 goblin simulacra (Ossuary)
  5 goblin zombies (Ossuary)
  4 hobgoblin zombies (Ossuary)
  14 jackals
  A jackal skeleton (D:4)
  9 kobolds
  5 kobold simulacra (Ossuary)
  2 kobold zombies (Ossuary)
  7 orc zombies (Ossuary)
  5 rats
  4 spectral goblins (Ossuary)
  2 spectral kobolds (Ossuary)
  4 spectral rats (Ossuary)
  A bush (D:8)
  A fungus (Lair:8)
  3 plants
  3 starspawn tentacles (Abyss:1)
778 creatures vanquished.

Vanquished Creatures (collateral kills)
  2 yaks (Lair:8)
2 creatures vanquished.

Vanquished Creatures (others)
  3 orcs (D:6)
  3 kobolds (D:11)
  3 fungi
  8 plants
  6 starspawn tentacles (Abyss:1)
  143 starspawn tentacle segments (Abyss:1)
166 creatures vanquished.

Grand Total: 946 creatures vanquished

Notes
Turn   | Place    | Note
--------------------------------------------------------------
     0 | D:1      | Ijustatesigmund the Minotaur Berserker began the quest for the Orb.
     0 | D:1      | Reached XP level 1. HP: 19/19 MP: 0/0
    52 | D:1      | Reached skill level 4 in Maces & Flails
    62 | D:1      | Reached XP level 2. HP: 18/27 MP: 1/1
   195 | D:1      | Reached XP level 3. HP: 31/33 MP: 2/2
   605 | D:1      | Acquired Trog's second power
   760 | D:2      | Reached skill level 5 in Maces & Flails
   790 | D:2      | Found a sparkling altar of Nemelex Xobeh.
   790 | D:2      | Found a white marble altar of Elyvilon.
   803 | D:2      | Found a shadowy altar of Dithmenos.
   861 | D:2      | Found a glowing golden altar of the Shining One.
  1198 | D:2      | Reached XP level 4. HP: 41/41 MP: 3/3
  2102 | D:3      | Reached skill level 6 in Maces & Flails
  2165 | D:3      | Reached XP level 5. HP: 45/47 MP: 4/4
  2170 | D:3      | Reached skill level 5 in Fighting
  2260 | D:3      | Noticed an ogre
  2266 | D:3      | Killed an ogre
  2427 | D:4      | Noticed Edmund
  2427 | D:4      | Noticed a phantom
  2442 | D:4      | Killed Edmund
  2442 | D:4      | Reached skill level 7 in Maces & Flails
  2442 | D:4      | Reached XP level 6. HP: 57/57 MP: 5/5
  2449 | D:4      | Killed a phantom
  2647 | D:4      | Reached XP level 7. HP: 63/63 MP: 6/6
  2659 | D:4      | Noticed a phantom
  2669 | D:4      | Killed a phantom
  2696 | D:4      | Found a sand-covered staircase.
  2702 | Ossuary  | Entered an ossuary
  3217 | D:4      | Reached skill level 8 in Maces & Flails
  3282 | D:4      | Reached skill level 5 in Armour
  3535 | D:4      | Acquired Trog's third power
  3902 | D:5      | Entered Level 5 of the Dungeon
  3978 | D:5      | Noticed Blork the orc
  3992 | D:5      | Killed Blork the orc
  3992 | D:5      | Reached XP level 8. HP: 70/73 MP: 7/7
  4669 | D:5      | Reached skill level 9 in Maces & Flails
  4717 | D:5      | Found a snail-covered altar of Cheibriados.
  4886 | D:6      | Noticed Grinder
  4918 | D:6      | Paralysed by Grinder for 3 turns
  4933 | D:6      | Killed Grinder
  5103 | D:6      | Reached skill level 10 in Maces & Flails
  5249 | D:6      | Reached XP level 9. HP: 50/82 MP: 8/8
  5261 | D:6      | Reached skill level 1 in Shields
  5512 | D:6      | Found a deep blue altar of Sif Muna.
  5566 | D:6      | Found Ycoicwitt's Assorted Antiques.
  5573 | D:6      | Bought a scroll labeled IXEQEDILUNT for 23 gold pieces
  5573 | D:6      | Bought a wooden ring for 115 gold pieces
  6110 | D:7      | Found a staircase to the Ecumenical Temple.
  6500 | D:8      | Noticed Erolcha
  6511 | D:8      | Killed Erolcha
  6511 | D:8      | Reached skill level 11 in Maces & Flails
  6685 | D:8      | Found Heklat's Assorted Antiques.
  6695 | D:8      | Bought a scroll of identify for 56 gold pieces
  6695 | D:8      | Bought a glowing great mace for 182 gold pieces
  6695 | D:8      | Bought a scroll of identify for 56 gold pieces
  6905 | D:8      | Found a blossoming altar of Fedhas.
  6933 | D:8      | Reached skill level 12 in Maces & Flails
  6940 | D:8      | Reached XP level 10. HP: 86/93 MP: 9/9
  7048 | D:8      | Found Loemepno's General Store.
  7054 | D:8      | Bought a scroll of identify for 24 gold pieces
  7080 | D:8      | Found a bloodstained altar of Trog.
  7108 | D:8      | Reached skill level 10 in Fighting
  8144 | D:9      | Found a staircase to the Lair.
  8245 | D:10     | Entered Level 10 of the Dungeon
  8267 | D:10     | Reached skill level 13 in Maces & Flails
  8451 | D:10     | Reached skill level 10 in Armour
  8685 | D:10     | Noticed a hill giant
  8693 | D:10     | Killed a hill giant
  8714 | D:11     | Noticed a hill giant
  8716 | D:11     | Killed a hill giant
  8716 | D:11     | Reached XP level 11. HP: 78/102 MP: 10/10
  8864 | D:10     | Noticed a death yak
  8880 | D:10     | Killed a death yak
  8880 | D:10     | Reached skill level 14 in Maces & Flails
  9447 | D:10     | Noticed a hill giant
  9456 | D:10     | Killed a hill giant
  9475 | D:10     | Reached skill level 5 in Dodging
  9953 | D:10     | Killed an unseen horror
 10264 | D:10     | Found a staircase to the Orcish Mines.
 10266 | D:10     | Reached skill level 15 in Maces & Flails
 10279 | D:10     | Received a gift from Trog
 10550 | D:11     | Noticed a hill giant
 11080 | D:11     | Killed a hill giant
 11635 | D:11     | Reached XP level 12. HP: 76/110 MP: 11/11
 11691 | D:11     | Noticed a five-headed hydra
 11696 | D:11     | Killed a five-headed hydra
 11732 | D:11     | Noticed a purple ugly thing
 11742 | D:11     | Reached skill level 16 in Maces & Flails
 11745 | D:11     | Killed a purple ugly thing
 11745 | D:11     | Received a gift from Trog
 11767 | D:11     | Got a pitted dire flail {god gift}
 11768 | D:11     | Identified the +6 dire flail "Etiy" {venom, rN+} (Trog gifted it to you on level 11 of the Dungeon)
 12460 | D:12     | Noticed a five-headed hydra
 12544 | D:12     | Killed a five-headed hydra
 12715 | D:12     | Reached skill level 17 in Maces & Flails
 12885 | D:12     | Found a portal to a secret trove of treasure.
 12941 | Trove    | Entered a treasure trove
 13151 | Lair:1   | Entered Level 1 of the Lair of Beasts
 13263 | Lair:1   | Noticed a five-headed hydra
 13272 | Lair:1   | Killed a five-headed hydra
 13363 | Lair:1   | Acquired Trog's first power
 13623 | Lair:1   | Noticed Fannar
 13636 | Lair:1   | Killed Fannar
 14564 | Lair:2   | Reached skill level 15 in Armour
 14591 | Lair:2   | Reached XP level 13. HP: 116/116 MP: 12/12
 15343 | Lair:3   | You fall through a shaft for 3 floors!
 15363 | Lair:6   | Gained mutation: You are partially covered in large bone plates (AC +2, SH +2). [potion of beneficial mutation]
 15364 | Lair:6   | Gained mutation: You have large cloven feet. [potion of beneficial mutation]
 15667 | Lair:3   | Reached skill level 1 in Evocations
 16152 | Lair:4   | Reached XP level 14. HP: 124/124 MP: 13/17
 16206 | Lair:4   | Found a staircase to the Snake Pit.
 16310 | Lair:4   | Found a staircase to the Shoals.
 17941 | Lair:6   | Reached skill level 18 in Armour
 18192 | Lair:6   | Received a gift from Trog
 18746 | Lair:6   | You fall through a shaft for 2 floors!
 18746 | Lair:8   | Entered Level 8 of the Lair of Beasts
 19164 | Lair:7   | Found a viscous altar of Jiyva.
 19164 | Lair:7   | Found a staircase to the Slime Pits.
 19923 | Lair:8   | Reached XP level 15. HP: 134/134 MP: 19/19
 19935 | Lair:8   | Received a gift from Trog
 20663 | Lair:8   | Reached skill level 19 in Armour
 20866 | Lair:8   | Cast into the Abyss (a wizard)
 21002 | Abyss:1  | Noticed a tentacled starspawn
 21011 | Abyss:1  | Killed a tentacled starspawn
 21078 | Abyss:1  | Noticed a tentacled monstrosity
 21087 | Abyss:1  | Killed a tentacled monstrosity
 21087 | Abyss:1  | Reached skill level 10 in Dodging
 21090 | Abyss:1  | Found a shattered altar of Ashenzari.
 21279 | Abyss:1  | Noticed a tentacled starspawn
 21302 | Abyss:1  | Killed a tentacled starspawn
 21343 | Abyss:1  | Paralysed by accursed screaming for 1 turns
 21353 | Abyss:1  | Paralysed by accursed screaming for 1 turns
 21396 | Abyss:1  | Found a shattered altar of Ashenzari.
 21627 | Abyss:1  | Noticed a Hell Sentinel
 21628 | Abyss:1  | Noticed a tentacled starspawn
 21649 | Abyss:1  | Killed a tentacled starspawn
 21849 | Abyss:1  | Noticed an Executioner
 21860 | Abyss:1  | Killed an Executioner
 21860 | Abyss:1  | Reached skill level 20 in Armour
 21887 | Abyss:1  | Lost intelligence.
 21895 | Abyss:1  | Noticed a bone dragon
 21932 | Abyss:1  | Killed from afar by a smoke demon

Vault maps used:
D:1:      evilmike_arrival_crescent
D:2:      tso_metal_star, grunt_temple_overflow_open, first_bread, serial_glass,
          glass_columns_a, glass_columns_b, glass_columns_a, glass_columns_a,
          glass_columns_a, glass_columns_c, glass_columns_a, glass_columns_b,
          glass_columns_c, glass_columns_b
D:3:      minmay_close_crescents
D:4:      nicolae_ossuary_entry_plus, uniq_edmund
D:5:      old_standard_altar, sword_in_stone
D:6:      wad_woods_pond, old_standard_altar, serial_shops, shop,
          eino_tiny_chamber, uniq_grinder
D:7:      minmay_temple_entry_junction
D:8:      lemuel_doored_altar, serial_shops, shop, shop,
          fedhas_altar_decomposition, uniq_erolcha
D:9:      lair_0_dummy
D:10:     erik_orc_1, serial_ice, serial_ice_h, serial_ice_a, serial_ice_l,
          serial_ice_g, serial_ice_n, serial_ice_f
D:11:     wad_river_or_something, grunt_pizzeria
D:12:     special_room, serial_shops, kennysheep_mini_moat,
          nicolae_trove_entry_free_sample
Lair:1:   minmay_lair_venomous_thicket, uniq_fannar
Lair:3:   beast_lair_carwin_3
Lair:4:   minmay_shoals_entry_centaurs, minmay_snake_entry_guardpost_medium
Lair:6:   zaba_anthell, lemuel_fruit_tree
Lair:7:   dpeg_slime_entry_enclosed_altar, grunt_forest_large_clearings
Lair:8:   evil_forest, fungi_pond_lemuel
Abyss:1:  bh_abyss_exit_choice
Trove:    trove_library
Ossuary:  ossuary_zaba_two_paths

Action                   |  1- 3 |  4- 6 |  7- 9 | 10-12 | 13-15 || total
-------------------------+-------+-------+-------+-------+-------++-------
Melee: Mace              |    81 |   104 |       |       |       ||   185
       Flail             |       |    13 |   414 |       |       ||   427
       Great mace        |       |       |    36 |   258 |       ||   294
       Dire flail        |       |       |       |   381 |   964 ||  1345
Throw: Javelin           |       |       |     8 |     3 |       ||    11
Invok: Berserk           |       |     2 |       |    10 |     1 ||    13
       Trog's Hand       |       |       |     2 |       |     3 ||     5
       Burn Spellbooks   |       |       |       |       |     4 ||     4
       Brothers in Arms  |       |       |       |       |     2 ||     2
Evoke: Wand              |       |       |       |       |    19 ||    19
  Use: Scroll            |     2 |     3 |    16 |    13 |    17 ||    51
       Potion            |       |       |       |       |     6 ||     6
  Eat: Chunk             |     1 |     5 |     8 |    29 |    18 ||    61
       Pizza             |       |     1 |     2 |     2 |     1 ||     6
       Royal jelly       |       |       |     2 |     1 |       ||     3
       Bread ration      |       |       |       |     1 |       ||     1
       Beef jerky        |       |       |       |     1 |     1 ||     2
       Fruit             |       |       |       |       |     6 ||     6
